 Dungeon Crawl Stone Soup version 0.23.0 (webtiles) character file.

Game seed: 12691805709711153473

23551 Folque the Geomancer (level 12, -15/91 HPs)
             Began as a Yellow Draconian Earth Elementalist on Feb 12, 2019.
             Was a High Priest of Sif Muna.
             Demolished by a skeletal warrior
             ... wielding a +0 halberd
             ... led by a skeletal warrior
              (17 damage)
             ... on level 12 of the Dungeon.
             The game lasted 01:07:15 (18098 turns).

Folque the Geomancer (DrEE)                        Turns: 18098, Time: 01:07:15

Health: -15/91     AC:  9    Str: 10    XL:     12   Next: 72%
Magic:  1/23       EV: 15    Int: 21    God:    Sif Muna [*****.]
Gold:   557        SH:  0    Dex: 12    Spells: 0/25 levels left

rFire    . . .     SeeInvis .   w - +2 falchion (slice)
rCold    . . .     Gourm    .   (no shield)
rNeg     . . .     Faith    .   (armour unavailable)
rPois    .         Spirit   .   (helmet restricted)
rElec    .         Reflect  .   (no cloak)
rCorr    .         Harm     .   G - +0 pair of gloves
MR       .....                  (no boots)
Stlth    +++.......             n - amulet of magic regeneration
HPRegen  0.25/turn              N - ring of wizardry
MPRegen  0.43/turn              E - ring of stealth

@: about to teleport, lightly drained, divine energy
A: spit acid, unfitting armour, cold-blooded, AC +8
a: Breathe Acid, Stop Divine Energy, Channel Magic, Forget Spell, Renounce
Religion


You were on level 12 of the Dungeon.
You worshipped Sif Muna.
Sif Muna was extremely pleased with you.
You were near starving.

You visited 3 branches of the dungeon, and saw 16 of its levels.
You also visited: Ossuary and Ice Cave.

You collected 917 gold pieces.
You spent 360 gold pieces at shops.

Inventory:

Hand Weapons
 e - a +2 dagger of protection
 p - a +0 rapier
 w - a +2 falchion of slicing (weapon)
 y - a +3 flail of holy wrath
 D - a cursed -1 whip
 I - a +2 falchion
Missiles
 b - 200 stones (quivered)
 R - 2 throwing nets
Armour
 G - a +0 pair of gloves (worn)
Jewellery
 n - an amulet of magic regeneration (around neck)
 o - an uncursed ring of resist corrosion
 s - an uncursed ring of flight
 E - a ring of stealth (right hand)
 N - a ring of wizardry (left hand)
 T - an uncursed ring of protection from cold {unknown}
 U - a +2 ring of evasion {unknown}
Wands
 j - a wand of paralysis (19)
 q - a wand of polymorph (6)
 J - a wand of acid (7)
 P - a wand of random effects (14)
Scrolls
 i - 5 scrolls of magic mapping
 l - 4 scrolls of remove curse
 r - 4 scrolls of fog
 A - a scroll of teleportation
 B - 8 scrolls of identify
 H - 5 scrolls of enchant armour
 K - a scroll of holy word {unknown}
 L - 3 scrolls of enchant weapon
 O - a scroll of summoning {unknown}
 S - a scroll of amnesia
Potions
 d - a potion of curing
 f - 3 potions of brilliance
 g - a potion of agility
 h - 4 potions of haste
 k - 2 potions of mutation {unknown}
 m - 2 potions of might
 t - 3 potions of cancellation {unknown}
 u - 4 potions of lignification
 v - 3 potions of berserk rage {unknown}
 x - a potion of resistance {unknown}
 z - a potion of degeneration {unknown}
 C - a potion of ambrosia {unknown}
 F - 2 potions of magic {unknown}
 Q - a potion of flight {unknown}
Comestibles
 c - 17 rations


   Skills:
 - Level 4.1 Fighting
 - Level 4.1(4.0) Short Blades
 - Level 6.2 Dodging
 - Level 4.0(3.9) Stealth
 + Level 7.4(7.3) Spellcasting
 - Level 8.0(7.9) Conjurations
 - Level 5.0(4.9) Transmutations
 * Level 3.4(3.3) Fire Magic
 + Level 3.8 Air Magic
 * Level 13.1(13.0) Earth Magic
 - Level 5.0(4.9) Invocations
 - Level 2.2(2.1) Evocations


You couldn't memorise any spells.
You knew the following spells:

 Your Spells              Type           Power        Failure   Level  Hunger
a - Sandblast             Erth           ######       1%          1    None
b - Passwall              Tmut/Erth      #####...     1%          2    None
c - Stone Arrow           Conj/Erth      ######       1%          3    None
d - Lee's Rapid Deconstr  Erth           ######....   1%          5    #####..
e - Petrify               Tmut/Erth      #####...     1%          4    ###....
f - Bolt of Magma         Conj/Fire/Erth #####.....   3%          5    #####..
g - Lightning Bolt        Conj/Air       ####......   9%          5    #####..

Your spell library contained the following spells:

 Spells                   Type           Power        Failure   Level  Hunger
 Searing Ray              Conj           #####.       1%          2    None
 Throw Frost              Conj/Ice       ###...       1%          2    None
 Static Discharge         Conj/Air       ####....     1%          3    None
 Animate Skeleton         Necr           N/A          3%          1    None
 Confusing Touch          Hex            #.....       3%          1    None
 Freeze                   Ice            #...         3%          1    None
 Summon Small Mammal      Summ           #...         3%          1    None
 Ignite Poison            Fire/Tmut/Pois ###.....     3%          3    None
 Call Imp                 Summ           #.......     5%          2    None
 Borgnjor's Vile Clutch   Necr/Erth      #####.....   6%          5    #####..
 Throw Icicle             Conj/Ice       ###.....     7%          4    ###....
 Call Canine Familiar     Summ           #.......     11%         3    None
 Confuse                  Hex            #.......     11%         3    None
 Gell's Gravitas          Tloc           #.........   11%         3    None
 Ozocubu's Armour         Chrm/Ice       #.......     11%         3    None
 Summon Guardian Golem    Hex/Summ       #.......     11%         3    None
 Summon Lightning Spire   Summ/Air       ###.....     16%         4    ###....
 Summon Ice Beast         Ice/Summ       #.......     32%         4    ###....
 Yara's Violent Unravell  Hex/Tmut       ###.......   32%         5    #####..
 Bolt of Fire             Conj/Fire      ####......   45%         6    ######.
 Metabolic Englaciation   Hex/Ice        #.........   65%         5    #####..
 Orb of Destruction       Conj           #####.....   69%         7    #######
 Death Channel            Necr           #.........   99%         6    ######.
 Fire Storm               Conj/Fire      ####......   100%        9    #######


Dungeon Overview and Level Annotations

Branches:
Dungeon (12/15)            Temple (1/1) D:7            Lair (3/6) D:11
    Orc (0/2) D:11
  Swamp: Lair:2-4    Shoals: Lair:2-4     Snake: Lair:2-4    Spider: Lair:2-4

Altars:
Ashenzari
Cheibriados
Dithmenos
Elyvilon
Fedhas
Gozag
Hepliaklqana
Kikubaaqudgha
Makhleb
Nemelex Xobeh
Okawaru
Qazlal
Ru
Sif Muna
Trog
Uskayaw
Vehumet
Wu Jian
Xom
Yredelemnul
Zin
The Shining One

Shops:
D:7 (   D:8 =   D:11 (

Annotations:
D:5 2 transporters, Dowan; Duvessa; Pikel; tidbits's ghost, amateur GnSk
D:7 inmateoo's ghost, novice GnWn
D:9 3 runed translucent doors, Maga's ghost, journeyman HOAK
D:12 Nergalle
Lair:1 exclusion: oklob plant


Innate Abilities, Weirdness & Mutations

You can spit globs of acid.
Your golden yellow scales are hard. (AC +8)
You cannot fit into any form of body armour.
You are cold-blooded and may be slowed by cold attacks.


Message History

You feel strangely unstable.
The centaur shoots an arrow.
The arrow hits you but does no damage.
The skeletal warrior hits you from afar with a +0 halberd!!
* * * LOW HITPOINT WARNING * * *
Unknown command.
You feel better.
The skeletal warrior hits you from afar with a +0 halberd!
* * * LOW HITPOINT WARNING * * *
The centaur unwields a +0 shortbow.
The centaur wields a +0 mace.
The centaur closely misses you.
Okay, then.
Casting: Lightning Bolt (safe; 9% risk of failure)
Confirm with . or Enter, or press ? or * to list all spells.
Aiming: Bolt of Magma (safe; 3% risk of failure)
Press: ? - help, Shift-Dir - straight line You miscast Bolt of Magma.
Sif Muna protects you from the effects of your miscast!
The centaur barely misses you.
The skeletal warrior hits you from afar with a +0 halberd!
You die...

######### #.......###
#####.......#.#
...)(.....>.#.#
#####.......#.# #
#.......#.# #
#.........#### #
#.......#.z).# #
#....c..#.##@## ### #
#.......#..c..# #.# #
#..........T..# #.# #
####.......#..#####.#
###.##.......)...#
............####.######
....##.#...#####......####
..........................
.........#..####.###).####


You could see a skeletal warrior, a troll and a centaur.

Vanquished Creatures
  3 hydras
  2 two-headed ogres
  A skeletal warrior (D:12)
  An unseen horror (D:11)
  A deep elf mage (D:12)
  2 ugly things
  2 manticores
  A cyclops (D:12)
  3 spiny frogs
  2 ice devils (IceCv)
  A rime drake (Lair:2)
  A komodo dragon (D:11)
  A troll (D:10)
  A merfolk (D:10)
  Prince Ribbit (D:6)
  3 hippogriffs
  Grinder (D:6)
  5 blink frogs (Lair:1)
  A shadow (D:12)
  A wyvern (D:10)
  16 yaks
  Sigmund (D:5)
  A wraith (D:10)
  A vampire (D:12)
  4 vampire mosquitoes (D:12)
  2 hungry ghosts
  Edmund (D:6)
  Menkaure (Ossuary)
  2 water moccasins
  4 porcupines
  6 orc warriors
  An eye of draining (D:9)
  5 sky beasts
  3 ice beasts
  2 necrophages
  5 ogres
  9 centaurs
  4 crocodiles
  2 big kobolds (D:11)
  An elf zombie (Ossuary)
  A gnoll sergeant (D:7)
  11 bullfrogs
  A wyvern zombie (D:10)
  2 wyvern skeletons
  3 scorpions
  10 killer bees
  10 wights
  6 howler monkeys
  4 crimson imps
  6 centaur zombies
  4 jellies
  A quasit (D:9)
  3 bullfrog zombies
  4 hounds
  4 centaur skeletons
  6 orc priests
  2 bullfrog skeletons
  5 iguanas
  Ijyb (D:3)
  11 orc wizards
  11 worker ants
  A bullfrog simulacrum (D:8)
  An ogre zombie (Ossuary)
  5 mummies (Ossuary)
  8 gnolls
  11 adders
  2 hound simulacra (D:8)
  3 shadow imps
  6 adder zombies
  An adder skeleton (D:9)
  3 worms (D:2)
  2 dart slugs
  5 leopard geckos
  40 orcs
  8 bats
  4 giant cockroaches
  8 goblins
  5 hobgoblins
  7 jackals
  16 kobolds
  A quokka (D:5)
  A ball python (D:1)
  6 frilled lizards
  A gnoll zombie (Ossuary)
  4 goblin zombies (Ossuary)
  3 hobgoblin zombies (Ossuary)
  2 kobold zombies (Ossuary)
  A quokka skeleton (D:5)
  4 quokka zombies (Ossuary)
  5 rats
  5 rat zombies (Ossuary)
380 creatures vanquished.

Vanquished Creatures (others)
  A quokka (D:12)
  3 plants
4 creatures vanquished.

Grand Total: 384 creatures vanquished

Notes
Turn   | Place    | Note
-------+----------+-------------------------------------------
     0 | D:1      | Folque the Draconian Earth Elementalist began the quest for
                  | the Orb.
     0 | D:1      | Reached XP level 1. HP: 14/14 MP: 3/3
   195 | D:1      | Reached skill level 1 in Fighting
   195 | D:1      | Reached XP level 2. HP: 9/23 MP: 0/5
   720 | D:1      | Reached XP level 3. HP: 29/29 MP: 6/6
   800 | D:1      | Learned a level 2 spell: Passwall
   804 | D:1      | Learned a level 3 spell: Stone Arrow
  1398 | D:2      | Reached XP level 4. HP: 19/36 MP: 0/8
  1562 | D:2      | Reached skill level 1 in Conjurations
  2193 | D:3      | Noticed Ijyb
  2200 | D:3      | Killed Ijyb
  2200 | D:3      | Reached XP level 5. HP: 41/41 MP: 0/10
  2209 | D:3      | Learned a level 5 spell: Lee's Rapid Deconstruction
  2485 | D:3      | Reached skill level 4 in Earth Magic
  3233 | D:4      | Reached XP level 6. HP: 48/48 MP: 2/12
  3252 | D:4      | Found a sand-covered staircase.
  3315 | Ossuary  | Entered an ossuary
  3792 | Ossuary  | Reached skill level 5 in Spellcasting
  4089 | Ossuary  | Reached skill level 5 in Earth Magic
  4247 | Ossuary  | Your scales start taking on a golden yellow colour.
  4247 | Ossuary  | Reached XP level 7. HP: 47/55 MP: 1/15
  4410 | Ossuary  | Noticed Menkaure
  4420 | Ossuary  | Killed Menkaure
  4958 | D:4      | Reached skill level 6 in Earth Magic
  4967 | D:4      | Learned a level 4 spell: Petrify
  5187 | D:4      | Found an ancient bone altar of Kikubaaqudgha.
  5674 | D:5      | Entered Level 5 of the Dungeon
  5782 | D:5      | Reached XP level 8. HP: 55/61 MP: 6/17
  5819 | D:5      | Noticed Sigmund
  5840 | D:5      | Killed Sigmund
  5840 | D:5      | Reached skill level 7 in Earth Magic
  6111 | D:5      | Found a transporter.
  6112 | D:5      | Noticed tidbits's ghost (amateur GnSk)
  6135 | D:5      | Found a transporter.
  6259 | D:5      | Noticed Dowan
  6260 | D:5      | Noticed Duvessa
  6287 | D:5      | Noticed Pikel
  6449 | D:6      | Noticed Edmund
  6486 | D:6      | Killed Edmund
  6701 | D:6      | Noticed Prince Ribbit
  6708 | D:6      | Killed Prince Ribbit
  6708 | D:6      | Reached skill level 8 in Earth Magic
  6856 | D:6      | Reached XP level 9. HP: 63/71 MP: 13/18
  7009 | D:6      | Reached skill level 1 in Short Blades
  7324 | D:6      | Noticed Grinder
  7341 | D:6      | Killed Grinder
  7749 | D:7      | Reached skill level 5 in Dodging
  8472 | D:7      | Found Ohuariq's Weapon Shoppe.
  8674 | D:7      | Found a staircase to the Ecumenical Temple.
  8680 | Temple   | Entered the Ecumenical Temple
  8782 | Temple   | Became a worshipper of Sif Muna the Loreminder
  8878 | D:7      | Reached skill level 1 in Evocations
  9157 | D:7      | Reached skill level 1 in Invocations
  9552 | D:7      | Reached XP level 10. HP: 62/76 MP: 13/19
  9764 | D:8      | Found a sacrificial altar of Ru.
  9921 | D:8      | Found a runed translucent gate.
  9921 | D:8      | Found a runed translucent gate.
  9934 | D:8      | Found a runed translucent gate.
 10115 | D:8      | Reached skill level 9 in Earth Magic
 10167 | D:8      | Noticed inmateoo's ghost (novice GnWn)
 10278 | D:8      | Found Taydur's Jewellery Boutique.
 10287 | D:8      | Bought an uncursed ring of wizardry for 360 gold pieces
 10952 | D:9      | Found a runed translucent gate.
 10953 | D:9      | Found a runed translucent gate.
 10955 | D:9      | Found a runed translucent gate.
 10959 | D:9      | Reached * piety under Sif Muna
 10966 | D:9      | Noticed Maga's ghost (journeyman HOAK)
 10991 | D:9      | Found a hazy altar of Hepliaklqana.
 10991 | D:9      | Found a snail-covered altar of Cheibriados.
 10992 | D:9      | Found a stormy altar of Qazlal.
 10995 | D:9      | Found a hide-covered altar of Uskayaw.
 10995 | D:9      | Found a sparkling altar of Nemelex Xobeh.
 10995 | D:9      | Found a radiant altar of Vehumet.
 10995 | D:9      | Found a sacrificial altar of Ru.
 10996 | D:9      | Found a glowing golden altar of the Shining One.
 11780 | D:10     | Entered Level 10 of the Dungeon
 11799 | D:10     | Identified the Grimoire of Damaging Black Rites
 11912 | D:10     | Noticed an eight-headed hydra
 12231 | D:10     | Killed an eight-headed hydra
 12270 | D:10     | Noticed a two-headed ogre
 12288 | D:10     | Killed a two-headed ogre
 12288 | D:10     | Reached skill level 10 in Earth Magic
 12331 | D:10     | Reached ** piety under Sif Muna
 12443 | D:10     | Identified the cursed +0 robe of the Republic {Dex+4}
 12598 | D:10     | Reached XP level 11. HP: 80/82 MP: 21/21
 12696 | D:10     | Reached skill level 5 in Invocations
 12969 | D:11     | Found a staircase to the Orcish Mines.
 13221 | D:11     | Reached skill level 5 in Transmutations
 13386 | D:11     | Found Wolurryus's Weapon Shoppe.
 13387 | D:11     | Found a sparkling altar of Nemelex Xobeh.
 13543 | D:11     | Noticed a two-headed ogre
 13566 | D:11     | Killed a two-headed ogre
 13566 | D:11     | Reached *** piety under Sif Muna
 13602 | D:11     | Found a staircase to the Lair.
 14170 | D:11     | Killed an unseen horror
 14170 | D:11     | Reached skill level 5 in Conjurations
 14170 | D:11     | Reached skill level 11 in Earth Magic
 14708 | D:11     | Learned a level 4 spell: Throw Icicle
 14727 | D:11     | Noticed a white ugly thing
 14746 | D:11     | Killed a white ugly thing
 15030 | Lair:1   | Entered Level 1 of the Lair of Beasts
 15072 | Lair:1   | Reached **** piety under Sif Muna
 15623 | Lair:1   | Learned a level 5 spell: Lightning Bolt
 15688 | Lair:1   | Noticed an oklob plant
 16101 | Lair:2   | Noticed a six-headed hydra
 16119 | Lair:2   | Killed a six-headed hydra
 16119 | Lair:2   | Reached skill level 12 in Earth Magic
 16119 | Lair:2   | Reached XP level 12. HP: 56/91 MP: 8/22
 16227 | Lair:2   | Found a frozen archway.
 16275 | IceCv    | Entered an ice cave
 16291 | IceCv    | Reached skill level 1 in Air Magic
 17313 | D:12     | Noticed a four-headed hydra
 17330 | D:12     | Killed a four-headed hydra
 17330 | D:12     | Reached ***** piety under Sif Muna
 17332 | D:12     | Identified Sif Muna's Volume of the Burning Mountains (Sif
                  | Muna gifted it to you on level 12 of the Dungeon)
 17332 | D:12     | Received a gift from Sif Muna
 17334 | D:12     | Identified a scroll of acquirement
 17334 | D:12     | Identified Zaizits's Papyrus of Black Magic and Feathers
                  | (You acquired it on level 12 of the Dungeon)
 17344 | D:12     | Learned a level 5 spell: Bolt of Magma
 17434 | D:12     | Reached skill level 1 in Fire Magic
 17819 | D:12     | Reached skill level 13 in Earth Magic
 17830 | D:12     | Noticed Nergalle
 18097 | D:12     | HP: 2/91 [skeletal warrior/+0 halberd[a skeletal warrior]
                  | (11)]
 18098 | D:12     | Demolished by a skeletal warrior

Skill      XL: |  1  2  3  4  5  6  7  8  9 10 11 12 |
---------------+-------------------------------------+-----
Fighting       | 1 2 4 |  4.1
Spellcasting   | 3 4 5 6 7 |  7.4
Conjurations   | 1 2 7 8 |  8.0
Earth Magic    | 4 5 6 8 10 12 13 | 13.1
Dodging        | 2 4 5 6 |  6.2
Transmutations | 2 4 5 |  5.0
Stealth        | 2 4 |  4.0
Short Blades   | 4 |  4.1
Evocations     | 1 2 |  2.2
Invocations    | 1 4 5 |  5.0
Air Magic      | 3 |  3.8
Fire Magic     | 3 |  3.4

Action                   |  1- 3 |  4- 6 |  7- 9 | 10-12 || total
-------------------------+-------+-------+-------+-------++-------
Melee: Unarmed           |    14 |       |       |       ||    14
       Dagger            |    92 |   324 |   177 |   114 ||   707
       Tailslap          |    14 |    32 |    25 |    34 ||   105
       Falchion          |       |       |     6 |   144 ||   150
       Flail             |       |       |     3 |       ||     3
Throw: Stone             |       |     1 |       |     1 ||     2
 Cast: Sandblast         |     9 |    18 |    45 |    56 ||   128
       Stone Arrow       |     4 |    42 |    89 |   176 ||   311
       Lee's Rapid Decon |       |       |    11 |    59 ||    70
       Petrify           |       |       |    12 |    49 ||    61
       Throw Icicle      |       |       |       |    15 ||    15
       Lightning Bolt    |       |       |       |     4 ||     4
       Passwall          |       |       |       |     2 ||     2
       Bolt of Magma     |       |       |       |     1 ||     1
Invok: Divine Energy     |       |       |       |     1 ||     1
       Channel Magic     |       |       |       |     1 ||     1
 Abil: Breathe Acid      |       |       |     2 |     1 ||     3
  Use: Scroll            |     1 |     9 |     8 |     6 ||    24
       Potion            |       |       |     4 |     8 ||    12
 Stab: Sleeping          |       |     6 |     3 |       ||     9
       Petrified         |       |       |    27 |    77 ||   104
       Petrifying        |       |       |       |     3 ||     3
  Eat: Chunk             |     1 |     9 |    17 |    36 ||    63
       Ration            |       |     2 |     2 |     5 ||     9
Armor: Skin              |    46 |   112 |    71 |    90 ||   319
Dodge: Dodged            |    73 |   183 |   128 |   240 ||   624
       Rpst.: Falchion   |       |       |       |    55 ||    55
